Map: Blackpink LE

Players

Erfeyah

  • Race: Protoss Protoss
  • Spawn Location: 7:00

A.I. 1 (Very Easy) - Winner!

  • Race: Protoss Protoss
  • Spawn Location: 1:00

VOD

Have the link to the VOD?

Description

Time

  • Played on: Nov. 16, 2017, 5:57 p.m.
  • Length: 13:18
Show
View Real Time Build Order
Export as new Build Order

Erfeyah Protoss 

Build Orders:  

Get SALT Encoding   

  12  2:13  Probe  
  13  2:25  Probe  
  14  3:08  Pylon  
  14  3:10  Pylon  
  14  3:13  Pylon  
  14  3:32  Gateway  
  14  3:56  Gateway  
  14  4:01  Gateway  
  14  4:18  Assimilator  
  14  4:25  Probe  
  15  4:37  Probe  
  16  4:40  Zealot  
  16  4:43  Zealot  
  20  4:47  Zealot  
  20  4:49  Probe  
  23  5:01  Probe  
  24  5:08  Zealot  
  24  5:10  Zealot  
  24  5:12  Cybernetics Core  
  24  5:13  Probe  
  29  5:14  Zealot  
  31  5:26  Gateway  
  31  5:27  Gateway  
  31  5:35  Zealot  
  33  5:38  Zealot  
  33  5:41  Zealot  
  37  6:02  Zealot  
  39  6:18  Pylon  
  39  6:20  Pylon  
  39  6:23  Pylon  
  39  6:26  Pylon  
  39  6:36  Zealot x3  
  45  6:59  Warp Gate  
  45  7:03  Zealot x2  
  45  7:06  Stalker x3  
  55  7:30  Zealot x2  
  55  7:36  Zealot x2  
  55  7:37  Zealot  
  65  7:57  Zealot x2  
  69  8:03  Zealot  
  71  8:20  Pylon  
  71  8:22  Pylon  
  71  8:26  Pylon  
  71  8:27  Pylon  
  71  8:38  Zealot x4, Assimilator  
  71  8:40  Zealot  
  81  9:05  Sentry x3, Zealot  
  89  10:14  Stalker  
  89  10:19  Stalker  
  89  10:20  Stalker  
  95  10:22  Stalker  
  97  10:58  Sentry x3  
  103  11:28  Pylon  
  103  11:30  Pylon  
  103  11:32  Pylon  
  103  11:36  Pylon  
  103  11:37  Pylon  
  103  11:39  Pylon  
  103  11:42  Pylon  
  103  11:49  Pylon  
  103  11:50  Pylon  
  103  11:53  Sentry x4, Pylon  
  111  11:55  Pylon  
  111  13:07  Nexus  
Show
View Real Time Build Order
Export as new Build Order

A.I. 1 (Very Easy) Protoss - Winner!

Build Orders:  

Get SALT Encoding   

  12  0:00  Probe  
  13  0:13  Probe  
  14  0:20  Pylon  
  14  0:37  Assimilator  
  14  0:43  Gateway  
  14  0:46  Pylon  
  14  1:13  Assimilator  
  14  1:22  Probe  
  15  1:33  Cybernetics Core  
  15  1:34  Probe  
  16  1:46  Probe  
  17  1:58  Probe  
  18  2:10  Probe, Warp Gate  
  18  2:11  Stalker  
  21  2:22  Probe  
  22  5:34  Zealot  
  22  5:35  Probe  
  25  5:37  Pylon  
  25  5:39  Robotics Facility  
  25  5:47  Probe  
  26  5:59  Probe  
  27  6:11  Probe  
  27  6:16  Pylon  
  28  6:23  Probe  
  29  6:28  Zealot  
  29  6:29  Observer  
  30  6:50  Observer  
  31  7:15  Nexus  
  31  7:21  Stalker  
  33  8:28  Probe  
  34  8:35  Probe  
  34  8:40  Assimilator  
  35  8:42  Probe, Assimilator  
  36  8:50  Probe  
  37  8:57  Probe  
  38  9:04  Probe  
  39  9:11  Probe  
  40  9:18  Probe  
  41  9:25  Probe  
  42  9:33  Probe  
  43  9:40  Probe  
  44  9:47  Probe  
  45  9:54  Probe  
  46  10:01  Probe  
  47  10:08  Probe  
  48  10:58  Warp Prism  
  48  11:00  Gateway  
  48  11:02  Robotics Bay  
  50  11:04  Stargate  
  50  11:06  Pylon  
  50  11:33  Warp Prism  
  50  11:38  Stalker  
  48  11:49  Observer Gravitic Boosters  
  48  11:50  Gateway  
  48  12:07  Zealot  
  50  12:10  Observer  
  51  12:35  Zealot  
Tags
 
Matchup
PvP
Spawn Locations
Cross Positions
Add a new tag
Caveats
  • Supply blocks, unpowered buildings, or Contaminate may cause inaccurate times.
  • Supply counts are checked every 10 seconds.